 Dungeon Crawl Stone Soup version 0.30-a0-534-gdc55766716 (webtiles) character file.

Game seed: 6262363489099775479

46 Newt the Shooter (level 3, -1/21 HPs)
             Began as a Kobold Hunter on Dec 24, 2022.
             Was an Initiate of Hepliaklqana.
             Slain by an orc
             ... wielding a +0 club
              (2 damage)
             ... on level 2 of the Dungeon.
             The game lasted 00:01:25 (2152 turns).

Newt the Shooter (Kobold Hunter)                    Turns: 2152, Time: 00:01:26

Health: -1/21      AC:  4    Str:  8    XL:     3   Next: 92%
Magic:  3/3        EV: 14    Int: 10    God:    Hepliaklqana [......]
Gold:   173        SH:  0    Dex: 20    Spells: 2/2 levels left

rFire   . . .      SeeInvis .    a - +0 shortbow
rCold   . . .      Faith    .    (shield currently unavailable)
rNeg    . . .      Spirit   .    c - +0 leather armour
rPois   .          Reflect  .    (no helmet)
rElec   .          Harm     .    (no cloak)
rCorr   .          Rampage  .    (no gloves)
Will    .....                    q - +0 pair of boots
Stlth   +++                      (no amulet)
HPRegen 0.23/turn                (no ring)
MPRegen 0.08/turn                (no ring)

@: no status effects
A: small, no large weapons, nightstalker 3
a: Renounce Religion


You were on level 2 of the Dungeon.
You worshipped Hepliaklqana.
Hepliaklqana was noncommittal.
You visited 1 branch of the dungeon, and saw 3 of its levels.

You collected 173 gold pieces.

Inventory:

Hand Weapons
 a - a +0 shortbow (weapon)
 p - a +1 hand axe of venom
Armour
 c - a +0 leather armour (worn)
 q - a +0 pair of boots (worn)
Scrolls
 b - 2 scrolls of immolation
 g - a scroll of brand weapon {unknown}
 h - a scroll of identify {unknown}
 k - a scroll of blinking {unknown}
 l - a scroll of poison {unknown}
 r - a scroll of vulnerability {unknown}
Potions
 d - 3 potions of attraction {unknown}
 e - a potion of curing {unknown}
 f - a potion of lignification {unknown}
 i - a potion of resistance {unknown}
 j - a potion of heal wounds {unknown}
 m - a potion of mutation {unknown}
 n - 2 potions of brilliance {unknown}
 o - a potion of degeneration {unknown}


   Skills:
 - Level 2.1 Fighting
 - Level 7.0 Ranged Weapons
 + Level 2.5 Dodging
 - Level 1.3 Stealth


You had 2 spell levels left.
You didn't know any spells.
Your spell library was empty.

Dungeon Overview and Level Annotations

Branches:
Dungeon (3/15)

Altars:
Hepliaklqana

Annotations:
D:3 Grinder, Sigmund


Innate Abilities, Weirdness & Mutations

You are small and have problems with some larger weapons.
You are completely attuned to the shadows.


Message History

The orc completely misses you. The orc barely misses you. x2
The rat closely misses you. The orc misses you.
There is a stone staircase leading up here.
The orc barely misses you. x2; The orc misses you.
The rat misses you. The orc hits you with a +0 whip.
You climb upwards.
There is a stone staircase leading down here.
Unknown command.
You shoot an arrow. The arrow barely misses the orc.
The orc misses you. x2
The orc barely misses you. The orc hits you with a +0 flail.
The rat misses you.
You shoot an arrow. The arrow hits the orc.
The orc is heavily wounded.
The orc completely misses you. The orc hits you with a +0 dagger.
The orc misses you. The orc hits you with a +0 flail.
* * * LOW HITPOINT WARNING * * *
The rat closely misses you.
You are too injured to fight recklessly!
Unknown command.
Fire: a) +0 shortbow
Press: ? - help, Shift-Dir - straight line, f/p - orc
Aim: an orc, wielding a +0 flail (heavily wounded, 66% to hit)
You shoot an arrow.
The arrow hits the orc but does no damage.
The orc is heavily wounded.
The orc hits you with a +0 whip.
* * * LOW HITPOINT WARNING * * *
The orc hits you with a +0 dagger.
* * * LOW HITPOINT WARNING * * *
The orc closely misses you. The orc barely misses you. The rat misses you.
Unknown command.
Fire: a) +0 shortbow
Press: ? - help, Shift-Dir - straight line, f/p - orc
Aim: an orc, wielding a +0 flail (heavily wounded, 66% to hit)
You shoot an arrow. The arrow hits the orc!
You kill the orc!
The orc hits you with a +0 whip.
* * * LOW HITPOINT WARNING * * *
The rat misses you. The orc hits you with a +0 club.
You die...

#......#.......##### #...........
##.................# #....######.
#.....######'#....# #....### ##)
#.....# #......# #......# #..
#.....# ##)....###......# #..
####### ##..####.......# #..
##.#....#.....# #..
#######)o.##############
#....##@r## #.....
#########.<....oo.## #.....
##..................# #.....
#..##########.......########.....
#.## #.................... #.#
#.......###########.. ..#
#.......# #.. ### ####....# #..
###### #..


You could see 3 orcs and a rat.

Vanquished Creatures
  5 dart slugs
  An orc (D:2)
  3 endoplasms
  3 giant cockroaches
  3 goblins
  4 hobgoblins (D:1)
  2 kobolds
  A quokka (D:1)
  4 ball pythons
  4 bats
  2 rats
32 creatures vanquished.

Notes
Turn   | Place    | Note
-------+----------+-------------------------------------------
     0 | D:1      | Newt the Kobold Hunter began the quest for the Orb.
     0 | D:1      | Reached XP level 1. HP: 12/12 MP: 1/1
    91 | D:1      | Reached XP level 2. HP: 17/17 MP: 2/2
    94 | D:1      | Reached skill level 6 in Ranged Weapons
   616 | D:1      | Reached XP level 3. HP: 21/21 MP: 3/3
   815 | D:1      | Found a faded altar of an unknown god.
  1346 | D:2      | Found a hazy altar of Hepliaklqana.
  1359 | D:2      | Became a worshipper of Hepliaklqana the Forgotten
  1605 | D:2      | Reached skill level 7 in Ranged Weapons
  1972 | D:3      | Noticed Sigmund
  2146 | D:3      | Noticed Grinder
  2152 | D:2      | HP: 1/21 [orc/+0 whip (1)]
  2152 | D:2      | Slain by an orc

Illustrated notes

Levels and vault maps discovered:
D:1:      wander_arrival_fairy_ring, layout_loops_corners,
          shapermc_ecumenical_altar_hornbeckon
D:2:      layout_basic, basic_altar, serial_curves, eino_curves_01,
          eino_curves_01
D:3:      layout_basic, nicolae_overflow_crystal_walls,
          nicolae_uskayaw_murder_on_the_dancefloor, grunt_ministairs_12,
          dk_noncrumbling_2, uniq_grinder, uniq_sigmund

Skill      XL: |  1  2  3 |
---------------+----------+-----
Ranged Weapons | 6 7 |  7.0
Fighting       | |  2.1
Dodging        | |  2.5
Stealth        | |  1.3

Action                   || total
-------------------------++-------
Melee: Hand axe          ||     1
 Fire: Shortbow          ||    80
 Stab: Sleeping          ||     1
Armor: Leather armour    ||     9
Dodge: Dodged            ||    51

Table legend: (Time is in decaauts)
 A = Elapsed time spent in this place.
 B = Non-inter-level travel time spent in this place.
 C = Inter-level travel time spent in this place.
 D = Time resting spent in this place.
 E = Time spent auto-exploring this place.
 F = Levels seen in this place.
 G = Mean time per level.
                   A        B        C        D        E       F      G
               +--------+--------+--------+--------+--------+-----+--------+
         Total |   2175 |   2039 |    136 |    117 |   1705 |   3 |  725.0 |
       Dungeon |   2175 |   2039 |    136 |    117 |   1705 |   3 |  725.0 |
               +--------+--------+--------+--------+--------+-----+--------+

Top non-repeatable levels by time:
     D:1: 1127 daAuts
     D:2: 987 daAuts
     D:3: 60 daAuts
